 Dungeon Crawl Stone Soup version 0.29.1-2-gbd0b4ee654 (webtiles) character file.

Game seed: 17338635411748530833

10991 gregunderscorem the Basher (level 11, 0/67 HPs)
             Began as an Octopode Monk on Nov 16, 2022.
             Was a High Priest of Lugonu.
             Slain by a black mamba (15 damage)
             ... on level 1 of the Lair of Beasts.
             The game lasted 00:26:35 (13257 turns).

gregunderscorem the Basher (Octopode Monk)         Turns: 13257, Time: 00:26:35

Health: 0/67       AC:  2    Str: 14    XL:     11   Next: 70%
Magic:  17/17      EV: 19    Int: 18    God:    Lugonu [*****.]
Gold:   606        SH: 11    Dex: 20    Spells: 10/10 levels left

rFire   . . .      SeeInvis .   a - +1 flail of Watchfulness {speed, Fly rPois Will+ Int+4}
rCold   . . .      Faith    .   G - +0 kite shield
rNeg    . . .      Spirit   .   (helmet restricted)
rPois   +          Reflect  .   (no amulet)
rElec   .          Harm     .   f - +6 ring of dexterity
rCorr   .          Rampage  .   h - +4 ring of evasion
Will    +....                   (no ring)
Stlth   ++++......              (no ring)
HPRegen 0.21/turn               (no ring)
MPRegen 0.15/turn               (no ring)
                                (no ring)
                                (no ring)

@: flying
A: almost no armour, amphibious, 8 rings, camouflage 1, gelatinous body 1,
(nimble swimmer 1), tentacles, sense surroundings 1, shaggy fur 1, MP-powered
wands
a: Renounce Religion, Depart the Abyss, Bend Space, Banish, Corrupt, Enter the
Abyss


You were on level 1 of the Lair of Beasts.
You worshipped Lugonu.
Lugonu was extremely pleased with you.
You visited 2 branches of the dungeon, and saw 11 of its levels.
You also visited: Sewer.

You collected 606 gold pieces.

Inventory:

Hand Weapons
 a - the +1 flail of Watchfulness (weapon) {speed, Fly rPois Will+ Int+4}
   (You found it on level 4 of the Dungeon)

   Attacks with this weapon are significantly faster.
   Int:       It affects your intelligence (+4).
   rPois:     It protects you from poison.
   Fly:       It grants you flight.
   Will:      It increases your willpower.
 b - a +2 vorpal sling
 d - a +6 great mace
 i - a +2 vorpal flail
 m - a +2 mace of protection
 K - a +0 spear
Missiles
 C - 2 throwing nets
 J - 43 stones
Armour
 G - a +0 kite shield (worn)
Jewellery
 f - a +6 ring of dexterity (left tentacle)
 h - a +4 ring of evasion (right tentacle)
 L - an amulet of magic regeneration
Wands
 p - a wand of digging (4)
 r - a wand of paralysis (9)
 v - a wand of polymorph (10)
 y - a wand of iceblast (6)
 B - a wand of flame (7) (quivered)
Scrolls
 e - 9 scrolls of teleportation
 j - 3 scrolls of fear
 k - 4 scrolls of amnesia
 l - 5 scrolls of identify
 o - 2 scrolls of vulnerability
 q - a scroll of fog
 x - 2 scrolls of poison
 z - 4 scrolls of blinking
 A - 2 scrolls of magic mapping
Potions
 c - 3 potions of haste
 g - a potion of might
 n - 2 potions of magic
 s - a potion of ambrosia
 t - a potion of attraction
 u - 3 potions of brilliance
 D - 2 potions of mutation
 E - a potion of resistance
 F - a potion of heal wounds
 H - a potion of lignification
 I - 4 potions of cancellation


   Skills:
 - Level 3.3 Fighting
 + Level 13.0 Maces & Flails
 - Level 5.7 Dodging
 - Level 5.8 Stealth
 + Level 6.9 Shields
 - Level 4.6 Unarmed Combat
 - Level 8.3 Invocations


You had 10 spell levels left.
You didn't know any spells.
Your spell library contained the following spells:

 Spells                   Type           Power      Damage    Failure   Level
 Necrotise                Necr           0%         1d4       50%         1
 Summon Small Mammal      Summ           0%         N/A       50%         1
 Call Canine Familiar     Summ           0%         N/A       86%         3
 Summon Guardian Golem    Hex/Summ       0%         N/A       86%         3
 Vampiric Draining        Necr           0%         2d6       86%         3
 Airstrike                Air            0%         2d(0-16)  99%         4
 Summon Lightning Spire   Summ/Air       0%         N/A       99%         4
 Agony                    Necr           0%         N/A       100%        5
 Lightning Bolt           Conj/Air       0%         1d11      100%        5


Dungeon Overview and Level Annotations

Branches:
Dungeon (9/15)             Temple (0/1) D:7            Lair (2/5) D:9
  Sewer (visited)
  Swamp: Lair:2-3    Shoals: Lair:2-3     Snake: Lair:2-3    Spider: Lair:2-3
    Orc: D:9-12

Altars:
Cheibriados
Dithmenos
Gozag
Hepliaklqana
Kikubaaqudgha
Nemelex Xobeh
Okawaru
Ru
Trog
Uskayaw
Wu Jian
Yredelemnul
Zin
The Shining One
Lugonu

Annotations:
Abyss:1 Psyche


Innate Abilities, Weirdness & Mutations

You cannot wear most types of armour.
You are amphibious.
You can wear up to eight rings at the same time.
Your skin changes colour to match your surroundings (Stealth+).
Your rubbery body absorbs attacks. (AC +1, EV +1)
((You are camouflaged when in or above water. (Stealth+)))
You have tentacles for arms and can constrict up to eight enemies at once.
You passively map a small area around you.
You are covered in fur. (AC +1)
You expend magic power (3 MP) to strengthen your wands.


Message History

The blink frog is heavily wounded.
You constrict the blink frog. You block the blink frog's attack.
You hit the blink frog. Your squeeze misses the blink frog.
The blink frog is severely wounded.
You constrict the blink frog. You thump the blink frog!
You squeeze the blink frog.
You kill the blink frog!
Lugonu accepts your kill.
The blink frog blinks!
You thump the black mamba! You grab the black mamba.
You squeeze the black mamba, but do no damage.
The black mamba is moderately wounded.
You constrict the black mamba. The black mamba bites you!!
You are poisoned.
The black mamba poisons you! The black mamba misses you.
You hit the black mamba but do no damage.
The black mamba is moderately wounded.
You constrict the black mamba.
You feel very sick.
The blink frog blinks!
The black mamba closely misses you.
You barely miss the black mamba.
The black mamba is moderately wounded.
You constrict the black mamba, but do no damage.
You feel sick. The black mamba bites you.
You are more poisoned.
The black mamba poisons you!
You hit the black mamba but do no damage.
You tentacle-slap the black mamba. Your squeeze misses the black mamba.
The black mamba is heavily wounded.
You constrict the black mamba.
You feel very sick. You block the black mamba's attack.
You hit the black mamba.
The black mamba is severely wounded.
You constrict the black mamba.
You feel very sick. The black mamba bites you!!
* * * LOW HITPOINT WARNING * * *
You feel better.
You constrict the black mamba. The black mamba bites you!
You die...

#.......## #.......#
##.......# ## #........#
#.# ## ##........# #^.#
.# #........###..#
#######........##..#,
.##.##............# ,
...####.........@# *
....##..........#SF....#
..#.....##.....###.....#
.###....#.#...## F....#
.# #....##...## ,....#
## ##.......## *, ....#
.###.......## * ..##
###........#* , ...*
##.........# *


You could see a black mamba and 2 blink frogs.

Vanquished Creatures
  A black mamba (Lair:1)
  A rime drake (Lair:1)
  3 komodo dragons (Lair:1)
  A blink frog (Lair:1)
  2 wyverns
  6 yaks
  A basilisk (Lair:1)
  3 vampire mosquitoes (D:9)
  A warg (D:9)
  7 water moccasins
  An orc warrior (D:8)
  2 black bears
  An ice beast (D:7)
  2 sky beasts (D:6)
  2 ogres (D:3)
  6 wolves (Lair:1)
  A centaur (D:8)
  A phantom (D:8)
  3 kobold brigands
  6 necrophages
  4 bullfrogs
  A gnoll sergeant (D:9)
  2 wights (D:4)
  The ghost of kingsuperguy the Cudgeller, a weakling TrMo (D:3)
  7 killer bees
  2 howler monkeys
  A human zombie (D:4)
  6 orc priests
  4 jellies
  5 hounds
  A gnoll bouda (D:7)
  5 iguanas
  Ijyb (D:3)
  9 orc wizards
  A scorpion zombie (D:4)
  2 hound zombies (D:4)
  7 adders
  21 gnolls
  4 river rats (D:3)
  3 white imps
  An adder zombie (D:4)
  3 worms (D:3)
  3 dart slugs
  29 orcs
  4 endoplasms
  6 giant cockroaches
  13 hobgoblins
  27 kobolds
  2 quokkas
  9 ball pythons
  8 bats
  14 frilled lizards
  9 goblins
  8 rats
  A spectral hobgoblin (D:9)
275 creatures vanquished.

Vanquished Creatures (others)
  5 fungi (Lair:1)
  6 plants
  5 toadstools (D:1)
16 creatures vanquished.

Grand Total: 291 creatures vanquished

Notes
Turn   | Place    | Note
-------+----------+-------------------------------------------
     0 | D:1      | gregunderscorem the Octopode Monk began the quest for the
                  | Orb.
     0 | D:1      | Reached XP level 1. HP: 16/16 MP: 1/1
   116 | D:1      | Found a faded altar of an unknown god.
   123 | D:1      | Prayed at the altar of an unknown god.
   123 | D:1      | Became a worshipper of Lugonu the Unformed
   123 | D:1      | Reached * piety under Lugonu
   123 | D:1      | Reached ** piety under Lugonu
   123 | D:1      | Reached *** piety under Lugonu
   138 | D:1      | Reached XP level 2. HP: 19/21 MP: 2/2
   636 | D:1      | Reached XP level 3. HP: 22/26 MP: 3/3
   776 | D:2      | Reached **** piety under Lugonu
  1106 | D:2      | Reached skill level 1 in Invocations
  1339 | D:2      | Reached XP level 4. HP: 31/31 MP: 5/5
  1775 | D:3      | Reached XP level 5. HP: 18/36 MP: 7/7
  1801 | D:3      | Found a glowing drain.
  1811 | Sewer    | Entered a sewer
  2224 | Sewer    | Noticed a kobold brigand
  2232 | Sewer    | Banished a kobold brigand
  2233 | Sewer    | Reached skill level 5 in Invocations
  2233 | Sewer    | Reached XP level 6. HP: 38/42 MP: 4/9
  2364 | Sewer    | Identified the +1 sling "Dacoss" {flame, *Corrode rPois
                  | Dex+2}
  2968 | D:3      | Reached ***** piety under Lugonu
  3126 | D:3      | Noticed Ijyb
  3138 | D:3      | Killed Ijyb
  3250 | D:3      | Found a transporter.
  3251 | D:3      | Noticed kingsuperguy's ghost (weakling TrMo)
  3259 | D:3      | Gained mutation: You passively map a small area around you.
                  | [potion of mutation]
  3259 | D:3      | Gained mutation: You are dopey. (Int -2) [potion of
                  | mutation]
  3259 | D:3      | Gained mutation: You are somewhat resistant to further
                  | mutation. [potion of mutation]
  3260 | D:3      | Lost mutation: You are somewhat resistant to further
                  | mutation. [potion of mutation]
  3260 | D:3      | Lost mutation: You are dopey. (Int -2) [potion of mutation]
  3260 | D:3      | Gained mutation: You are covered in fur. (AC +1) [potion of
                  | mutation]
  3260 | D:3      | Gained mutation: You expend magic power (3 MP) to
                  | strengthen your wands. [potion of mutation]
  3262 | D:3      | Found a transporter.
  3271 | D:3      | Reached XP level 7. HP: 46/46 MP: 10/12
  3275 | D:3      | Killed kingsuperguy's ghost
  3540 | D:4      | Found a sacrificial altar of Ru.
  3561 | D:4      | Identified the +1 flail of Watchfulness {speed, Fly rPois
                  | Will+ Int+4}
  3938 | D:4      | Found an ancient bone altar of Kikubaaqudgha.
  4503 | D:4      | Reached XP level 8. HP: 39/52 MP: 14/14
  4629 | D:4      | Found a basalt altar of Yredelemnul.
  4842 | D:4      | Reached skill level 5 in Stealth
  5354 | D:5      | Entered Level 5 of the Dungeon
  5563 | D:5      | Reached skill level 1 in Maces & Flails
  5821 | D:5      | Identified the +3 leather armour of the Stone Wall {Harm
                  | +Blink}
  5880 | D:5      | Reached skill level 2 in Maces & Flails
  6200 | D:5      | Reached skill level 3 in Maces & Flails
  6413 | D:5      | Found a glowing silver altar of Zin.
  6553 | D:5      | Noticed a yak
  6554 | D:5      | Noticed a yak
  6555 | D:5      | Noticed a yak
  6557 | D:5      | Noticed a yak
  6557 | D:5      | Noticed a yak
  6564 | D:5      | Banished a yak
  6565 | D:5      | Reached skill level 4 in Maces & Flails
  6565 | D:5      | Reached XP level 9. HP: 57/57 MP: 10/15
  6570 | D:5      | Reached skill level 5 in Maces & Flails
  6578 | D:5      | Reached skill level 6 in Maces & Flails
  6927 | D:6      | Reached skill level 7 in Maces & Flails
  7238 | D:6      | Reached skill level 8 in Maces & Flails
  7523 | D:7      | Found a glowing golden altar of the Shining One.
  7531 | D:7      | Found an ornate altar of the Wu Jian Council.
  7664 | D:7      | Found a staircase to the Ecumenical Temple.
  8123 | D:7      | Reached skill level 9 in Maces & Flails
  8310 | D:7      | Reached XP level 10. HP: 63/63 MP: 16/16
  8554 | D:8      | Found a sparkling altar of Nemelex Xobeh.
  8650 | D:8      | Reached skill level 10 in Maces & Flails
  8673 | D:8      | HP: 2/63 [necrophage (4)]
  9000 | D:8      | Found an iron altar of Okawaru.
  9038 | D:8      | Found an opulent altar of Gozag.
  9799 | D:8      | Found a shadowy altar of Dithmenos.
  9806 | D:8      | Reached skill level 5 in Dodging
 10046 | D:9      | Reached skill level 11 in Maces & Flails
 10497 | D:9      | Found a bloodstained altar of Trog.
 10499 | D:9      | Noticed a two-headed ogre
 10500 | D:9      | Banished a two-headed ogre
 10582 | D:9      | Found a staircase to the Lair.
 10955 | D:9      | Noticed Psyche
 10956 | D:9      | Banished Psyche
 10957 | D:9      | Reached XP level 11. HP: 67/67 MP: 12/17
 11006 | D:9      | Noticed a two-headed ogre
 11007 | D:9      | Banished a two-headed ogre
 11008 | D:9      | Reached skill level 12 in Maces & Flails
 11275 | D:9      | Found a hide-covered altar of Uskayaw.
 11279 | D:9      | Found a snail-covered altar of Cheibriados.
 11367 | D:9      | Found a hazy altar of Hepliaklqana.
 11435 | Lair:1   | Entered Level 1 of the Lair of Beasts
 11435 | Lair:1   | You fall into a shaft and drop 1 floor!
 11511 | Lair:1   | Reached skill level 5 in Shields
 13026 | Lair:1   | Reached skill level 13 in Maces & Flails
 13257 | Lair:1   | Slain by a black mamba

Illustrated notes

Levels and vault maps discovered:
D:1:      ldierk_walled_garden, layout_basic, ebering_ecumenical_altar_hall
D:2:      layout_loops_cross
D:3:      layout_basic, lightli_sewer_entry_pipes, gammafunk_ghost_smash,
          nicolae_titane, uniq_ijyb
D:4:      layout_basic, lemuel_mausoleum_altar_yredelemnul, kennysheep_mini,
          kennysheep_little_box, minmay_distorted
D:5:      layout_gridville, lemuel_coloured_pillars_altar, minmay_lizard_king
D:6:      layout_cave_pools
D:7:      layout_loops_ring, mainiacjoe_overflow_chevrons,
          mainiacjoe_overflow_concentric_impassable,
          minmay_temple_entry_poolview
D:8:      layout_gridville, grunt_dithmenos_shadows, amcnicky_altar_gilded,
          nemelex_xobeh_ov_fountains_minmay, nicolae_gozag_seed_capital,
          minmay_bent
D:9:      layout_long_grid, mainiacjoe_overflow_surrounded_room,
          nicolae_overflow_hidden_temple,
          nicolae_hepliaklqana_monster_ancestors, erik_lair_orcish_takeover,
          uniq_psyche
Lair:1:   layout_cave_pods
Lair:2:   layout_roguey, grunt_megastairs_3

Skill      XL: |  1  2  3  4  5  6  7  8  9 10 11 |
---------------+----------------------------------+-----
Stealth        | 3 4 5 |  5.8
Invocations    | 2 3 5 6 8 |  8.3
Unarmed Combat | 4 |  4.6
Dodging        | 4 5 |  5.7
Maces & Flails | 4 9 11 13 | 13.0
Shields        | 4 6 |  6.9
Fighting       | |  3.3

Action                   |  1- 3 |  4- 6 |  7- 9 | 10-12 || total
-------------------------+-------+-------+-------+-------++-------
Melee: Unarmed           |    68 |   161 |   121 |       ||   350
       Tentacles         |    18 |    36 |    63 |    83 ||   200
       Constrict         |    18 |    50 |    61 |    59 ||   188
       Punch             |     2 |     7 |    13 |    19 ||    41
       Flail             |       |       |   173 |   163 ||   336
       Mace              |       |       |       |    99 ||    99
       Great mace        |       |       |       |    40 ||    40
Invok: Banish            |       |     1 |     6 |    12 ||    19
Evoke: Wand              |       |       |       |     4 ||     4
  Use: Scroll            |       |     4 |    14 |     2 ||    20
       Potion            |       |     8 |     1 |     5 ||    14
 Stab: Sleeping          |    16 |    16 |    23 |    11 ||    66
       Distracted        |       |       |       |     2 ||     2
Armor: Skin              |     4 |     7 |    13 |    20 ||    44
Dodge: Dodged            |    32 |   116 |   167 |   200 ||   515
Block: Kite shield       |       |       |       |    77 ||    77
